 Dungeon Crawl Stone Soup version 0.25-a0-55-g0753fd1ad2 (webtiles) character file.

Game seed: 17126344620944682274, levelgen mode: deterministic

32 Gumption the Grave Robber (level 3, 0/24 HPs)
             Began as a Demonspawn Necromancer on Oct 25, 2019.
             Slain by a hound (1 damage)
             ... on level 2 of the Dungeon.
             The game lasted 00:15:17 (1225 turns).

Gumption the Grave Robber (Demonspawn Necromancer)  Turns: 1225, Time: 00:15:18

Health: 0/24       AC:  3    Str:  8    XL:     3   Next: 10%
Magic:  0/6        EV: 12    Int: 17    God:
Gold:   33         SH:  0    Dex: 13    Spells: 1/6 levels left

rFire    . . .     SeeInvis .   a - +0 dagger
rCold    . . .     Gourm    .   (no shield)
rNeg     . . .     Faith    .   c - +1 robe
rPois    .         Spirit   +   (no helmet)
rElec    .         Reflect  .   (no cloak)
rCorr    .         Harm     .   (no gloves)
MR       .....                  (no boots)
Stlth    ++........             (no amulet)
HPRegen  0.08/turn              (no ring)
MPRegen  0.20/turn              (no ring)

@: no status effects
A: magic shield, magic regeneration
a: no special abilities


You were on level 2 of the Dungeon.
You were hungry.

You visited 1 branch of the dungeon, and saw 2 of its levels.

You collected 33 gold pieces.

Inventory:

Hand Weapons
 a - a +0 dagger (weapon)
 d - a +0 spear
 i - a +0 spear
Missiles
 f - 38 stones (quivered)
Armour
 c - a +1 robe (worn)
Potions
 g - a potion of experience {unknown}
 j - a potion of curing {unknown}
Comestibles
 b - a chunk of flesh
 e - 3 rations


   Skills:
 + Level 0.0 Fighting
 + Level 2.0 Dodging
 - Level 2.0 Stealth
 + Level 2.4 Spellcasting
 * Level 5.0 Necromancy


You had one spell level left.
You knew the following spells:

 Your Spells              Type           Power        Failure   Level  Hunger
a - Pain                  Necr           ###.         2%          1    #......
b - Animate Skeleton      Necr           N/A          2%          1    #......
c - Vampiric Draining     Necr           ###.......   7%          3    ###....

Your spell library contained the following spells:

 Spells                   Type           Power        Failure   Level  Hunger
 Regeneration             Chrm/Necr      ##........   21%         3    ###....
 Animate Dead             Necr           N/A          24%         4    #####..


Dungeon Overview and Level Annotations

Branches:
Dungeon (2/15)

Altars:


Innate Abilities, Weirdness & Mutations

When hurt, damage is shared between your health and your magic reserves.
You regenerate magic rapidly.


Message History

Casting: Pain (safe; 2% risk of failure)
Confirm with . or Enter, or press ? or * to list all spells.
Aiming: Pain (safe; 2% risk of failure)
Press: ? - help, Shift-Dir - straight line, f - hound
Aim: a hound (chance to defeat MR: 84%)
The hound writhes in agony!
The hound bites you.
* * * LOW HITPOINT WARNING * * *
Casting: Pain (safe; 2% risk of failure)
Confirm with . or Enter, or press ? or * to list all spells.
You don't have enough magic to cast that spell.
Okay, then.
As you read the scroll labeled ROISOVESUO, it crumbles to dust.
It is a scroll of enchant armour.
Your +0 robe glows green for a moment.
The hound bites you.
* * * LOW HITPOINT WARNING * * *
The hound bites you but does no damage. The hound bites you.
* * * LOW HITPOINT WARNING * * *
The hound bites you.
You die...

.........
...[......#
..........#####
..?...........#
.......)......#
...$..........#
..............#
.#.%..hs....#
#...@......#
############


You could see a hound and a giant cockroach.

Vanquished Creatures
  An ooze (D:1)
  A dart slug (D:1)
  A leopard gecko (D:1)
  A bat (D:1)
  4 giant cockroaches (D:1)
  3 hobgoblins
  2 kobolds (D:1)
  4 goblins
  8 rats (D:1)
25 creatures vanquished.

Notes
Turn   | Place    | Note
-------+----------+-------------------------------------------
     0 | D:1      | Gumption the Demonspawn Necromancer began the quest for the
                  | Orb.
     0 | D:1      | Reached XP level 1. HP: 13/13 MP: 3/3
     3 | D:1      | Learned a level 1 spell: Animate Skeleton
   304 | D:1      | Gained mutation: When hurt, damage is shared between your
                  | health and your magic reserves. [demonic ancestry]
   304 | D:1      | Reached XP level 2. HP: 19/19 MP: 3/5
  1027 | D:1      | Reached skill level 5 in Necromancy
  1027 | D:1      | Gained mutation: You regenerate magic rapidly. [demonic
                  | ancestry]
  1027 | D:1      | Reached XP level 3. HP: 18/24 MP: 0/6
  1210 | D:1      | Learned a level 3 spell: Vampiric Draining
  1224 | D:2      | HP: 1/24 [hound (3)]
  1225 | D:2      | Slain by a hound

Levels and vault maps discovered:
D:1:      onia_arrival_larder, layout_basic, hangedman_decor_opposing,
          minmay_misc_feat_diagonals
D:2:      layout_rooms, makhleb_heckhound_becter, first_ration,
          nemelex_dance_club_becter

Table legend:
 A = Non-vault XP
 B = Vault XP
 C = Vault XP percentage of total XP
 D = Non-vault monster count
 E = Vault monster count
 F = Vault count percentage of total count
                 A         B        C        D         E       F
            +---------+---------+-------+---------+---------+-------
      Total |      36 |      11 |  23.4 |      16 |       9 |  36.0
            +---------+---------+-------+---------+---------+-------
        D:1 |      33 |      11 |  25.0 |      14 |       9 |  39.1
        D:2 |       3 |       0 |   0.0 |       2 |       0 |   0.0
            +---------+---------+-------+---------+---------+-------
